 Dungeon Crawl Stone Soup version 0.30-a0-368-g86fb4627a9 (webtiles) character file.

Game seed: 9836186281834536588

1178 oldriver the Thaumaturge (level 8, -4/58 HPs)
             Began as a Mummy Necromancer on Nov 20, 2022.
             Was a Believer of Hepliaklqana.
             Slain by a troll (9 damage)
             ... on level 7 of the Dungeon.
             The game lasted 00:09:16 (6917 turns).

oldriver the Thaumaturge (Mummy Necromancer)        Turns: 6917, Time: 00:09:16

Health: -4/58      AC:  2    Str: 11    XL:     8   Next: 18%
Magic:  12/20      EV: 12    Int: 16    God:    Hepliaklqana [**....]
Gold:   296        SH:  0    Dex: 19    Spells: 23/24 levels left

rFire   x . .      SeeInvis .    q - +1 whip (venom)
rCold   + . .      Faith    +    (no shield)
rNeg    + + +      Spirit   .    a - +0 robe
rPois   ∞          Reflect  .    (no helmet)
rElec   .          Harm     .    (no cloak)
rCorr   .          Rampage  .    (no gloves)
Will    +....                    (no boots)
Stlth   ++........               (no amulet)
HPRegen 0.29/turn                d - +6 ring of dexterity
MPRegen 0.17/turn                (no ring)

@: no status effects
A: reduced essence, cold resistance 1, negative energy resistance 3, torment
resistance 2, heat vulnerability 1, in touch with death 1, no potions, faith
a: Renounce Religion, Ancestor Life: Knight, Ancestor Life: Battlemage, Ancestor
Life: Hexer, Recall Ancestor, Ancestor Identity


You were on level 7 of the Dungeon.
You worshipped Hepliaklqana.
Hepliaklqana was pleased with you.
You visited 2 branches of the dungeon, and saw 8 of its levels.

You collected 296 gold pieces.

Inventory:

Hand Weapons
 q - a +1 whip of venom (weapon)
Missiles
 b - a throwing net
Armour
 a - a +0 robe (worn)
 k - the +1 ring mail of Maab {Rampage rC++ Str-3 Dex+4}
   (You found it on level 3 of the Dungeon)

   Str:       It affects your strength (-3).
   Dex:       It affects your dexterity (+4).
   rC:        It greatly protects you from cold.
   Rampage:   It bestows one free step when moving towards enemies.
Jewellery
 d - a +6 ring of dexterity (left hand)
Wands
 o - a wand of charming (7)
 t - a wand of polymorph (3)
Scrolls
 c - 8 scrolls of teleportation {unknown}
 e - 2 scrolls of enchant weapon {unknown}
 f - a scroll of poison {unknown}
 g - 8 scrolls of identify {unknown}
 h - a scroll of noise {unknown}
 i - 2 scrolls of amnesia {unknown}
 j - 4 scrolls of magic mapping {unknown}
 l - a scroll of butterflies {unknown}
 m - a scroll of fear {unknown}
 n - a scroll of summoning {unknown}
 p - a scroll of brand weapon {unknown}
 r - a scroll of torment {unknown}
 s - a scroll of enchant armour {unknown}


   Skills:
 + Level 6.8 Fighting
 - Level 1.5 Dodging
 - Level 1.5 Stealth
 + Level 8.7 Spellcasting
 - Level 4.0 Necromancy


You had 23 spell levels left.
You knew the following spells:

 Your Spells              Type           Power      Damage    Failure   Level
a - Necrotise             Necr           100%       1d9       1%          1

Your spell library contained the following spells:

 Spells                   Type           Power      Damage    Failure   Level
 Kiss of Death            Conj/Necr      80%        2d11      4%          1
 Vampiric Draining        Necr           29%        2d8       6%          3
 Magic Dart               Conj           24%        1d4       11%         1
 Slow                     Hex            24%        N/A       11%         1
 Call Imp                 Summ           6%         N/A       16%         2
 Animate Dead             Necr           29%        N/A       21%         4
 Dispel Undead            Necr           29%        3d13      21%         4
 Confusing Touch          Hex            6%         N/A       30%         3
 Mephitic Cloud           Conj/Pois/Air  6%         N/A       30%         3
 Agony                    Necr           29%        N/A       50%         5


Dungeon Overview and Level Annotations

Branches:
Dungeon (7/15)             Temple (1/1) D:6

Altars:
Ashenzari
Cheibriados
Dithmenos
Fedhas
Gozag
Hepliaklqana
Kikubaaqudgha
Makhleb
Nemelex Xobeh
Okawaru
Qazlal
Ru
Sif Muna
Trog
Uskayaw
Vehumet
Wu Jian
Xom
Yredelemnul

Shops:
D:2 !

Annotations:
D:3 2 runed translucent doors
D:6 2 transporters, Lennethare's ghost, novice DrCj


Innate Abilities, Weirdness & Mutations

Your life essence is reduced to manifest your ancestor. (-10% HP)
You are immune to poison.
Your flesh is cold resistant. (rC+)
You are immune to negative energy. (rN+++)
You are immune to unholy pain and torment.
You are vulnerable to heat. (rF-)
You are in touch with the powers of death.
You do not drink.
You have a special connection with the divine. (Faith)


Message History

You see here a +0 whip.
You open the door.
Found a grey potion and 3 stones.
There is an open door here.
r - a scroll labelled IMOOQO INAMOS
g - 8 scrolls labelled QERPHI JUEQA (gained 1)
You see here a +0 falchion.
s - a scroll labelled MYMMAF DUBEAST You see here a +0 sling.
t - a wand of polymorph (3)
You now have 296 gold pieces (gained 14).
j - 4 scrolls labelled SETZOO CIOCVU (gained 1)
There is an open door here.
A troll comes into view.
The troll shouts!
You swap places.
Belshunu hits the troll.
The troll barely misses Belshunu. x2; The troll closely misses Belshunu.
Belshunu hits the troll.
The troll bites Belshunu.
The troll barely misses Belshunu.
The troll closely misses Belshunu.
Belshunu closely misses the troll.
You feel a surge of power! Belshunu avoids your attack.
The troll writhes in agony.
The troll bites Belshunu!
The troll claws Belshunu! x2
Belshunu is destroyed!
You feel a surge of power!
The troll writhes in agony!
You feel a surge of power!
The troll writhes in agony.
You feel a surge of power!
The troll writhes in agony.
You feel a surge of power!
The troll writhes in agony!
You feel a surge of power!
The troll writhes in agony!
The troll closely misses you. The troll claws you. The troll claws you!
You feel a surge of power!
The troll barely resists.
The troll completely misses you. The troll misses you. The troll claws you!
You feel a surge of power!
The troll barely resists.
The troll misses you. The troll barely misses you. The troll claws you.
You feel a surge of power!
The troll writhes in agony.
The troll bites you!
* * * LOW HITPOINT WARNING * * *
The troll claws you!
* * * LOW HITPOINT WARNING * * *
The troll claws you!
You die...

#....## #.....#
##....# #....#
###..#
####+########.#
#.............#
#.............#
#....T@.......#
#.########'####
#.. ##...##
#... ##.....##
#..T. #......!#
#.....#.......#
##....#(......#
....##)....##
##)..##


You could see a troll.

Vanquished Creatures
  Sigmund (D:2)
  An orc warrior (D:6)
  A kobold brigand (D:7)
  A bullfrog (D:7)
  3 scorpions
  2 jellies
  4 hounds
  3 orc priests
  2 iguanas
  3 orc wizards (D:6)
  4 gnolls (D:6)
  7 adders
  A white imp (D:6)
  A dart slug (D:2)
  12 orcs
  10 ball pythons
  4 bats
  4 endoplasms
  2 giant cockroaches
  9 goblins
  5 hobgoblins
  4 jackals (D:3)
  12 kobolds
  6 quokkas
  4 frilled lizards
  8 rats
114 creatures vanquished.

Vanquished Creatures (collateral kills)
  5 orcs (D:5)
  2 ball pythons (D:2)
  A bat (D:1)
  A kobold (D:7)
  A frilled lizard (D:3)
10 creatures vanquished.

Vanquished Creatures (others)
  4 ancestors
4 creatures vanquished.

Grand Total: 128 creatures vanquished

Notes
Turn   | Place    | Note
-------+----------+-------------------------------------------
     0 | D:1      | oldriver the Mummy Necromancer began the quest for the Orb.
     0 | D:1      | Reached XP level 1. HP: 13/13 MP: 4/4
    98 | D:1      | Reached skill level 3 in Spellcasting
   182 | D:1      | Reached skill level 1 in Fighting
   199 | D:1      | Reached XP level 2. HP: 21/21 MP: 0/6
  1214 | D:2      | Gained mutation: You are in touch with the powers of death.
                  | [Mummy growth]
  1214 | D:2      | Reached XP level 3. HP: 26/27 MP: 2/8
  1288 | D:2      | Reached skill level 4 in Spellcasting
  1307 | D:2      | Found a faded altar of an unknown god.
  1633 | D:2      | Found Buklyd's Distillery.
  1726 | D:2      | Noticed Sigmund
  1825 | D:2      | Reached XP level 4. HP: 32/34 MP: 6/10
  1999 | D:2      | Killed Sigmund
  2000 | D:2      | Reached skill level 5 in Spellcasting
  2000 | D:2      | Reached XP level 5. HP: 14/42 MP: 8/13
  2442 | D:3      | Reached XP level 6. HP: 40/48 MP: 5/14
  2872 | D:3      | Identified the +1 ring mail of Maab {Rampage rC++ Str-3
                  | Dex+4}
  2940 | D:3      | Found a large runed translucent door.
  2941 | D:3      | Found a large runed translucent door.
  2942 | D:3      | Found a shimmering altar of Xom.
  3141 | D:4      | Reached skill level 6 in Spellcasting
  3448 | D:4      | Found an opulent altar of Gozag.
  3449 | D:4      | Found a shimmering altar of Xom.
  3766 | D:4      | Found a basalt altar of Yredelemnul.
  3766 | D:4      | Found a hazy altar of Hepliaklqana.
  3767 | D:4      | Found an iron altar of Okawaru.
  3773 | D:4      | Became a worshipper of Hepliaklqana the Forgotten
  3839 | D:4      | Identified the +0 scale mail "Ujymaa" {rElec}
  3916 | D:5      | Entered Level 5 of the Dungeon
  4261 | D:5      | Reached skill level 5 in Fighting
  4261 | D:5      | Reached XP level 7. HP: 47/56 MP: 10/17
  4327 | D:5      | Reached skill level 7 in Spellcasting
  4580 | D:5      | Reached * piety under Hepliaklqana
  4838 | D:6      | Found a broken altar of Ashenzari.
  5331 | D:6      | Found a shimmering blue altar of Sif Muna.
  5335 | D:6      | Reached skill level 8 in Spellcasting
  5659 | D:6      | Reached XP level 8. HP: 50/58 MP: 14/20
  5801 | D:6      | Found a transporter.
  5803 | D:6      | Found a transporter.
  5804 | D:6      | Noticed Lennethare's ghost (novice DrCj)
  5809 | D:6      | Noticed a hornet
  5823 | D:6      | Noticed a queen bee
  5835 | D:6      | Reached ** piety under Hepliaklqana
  6064 | D:6      | Found a staircase to the Ecumenical Temple.
  6231 | Temple   | Entered the Ecumenical Temple
  6644 | D:7      | Noticed a two-headed ogre
  6903 | D:7      | Noticed a troll
  6917 | D:7      | Slain by a troll

Illustrated notes

Levels and vault maps discovered:
D:1:      dpeg_arrival_simpleton_b, layout_basic
D:2:      layout_loops_ring, nicolae_ecumenical_snake_handling, serial_aquarium,
          aquarium_bridge_square [aquarium_subvault_bridge,
          aquarium_subvault_window, aquarium_subvault_bridge,
          aquarium_subvault_bridge], aquarium_bridge_square
          [aquarium_subvault_bridge, aquarium_subvault_window,
          aquarium_subvault_bridge, aquarium_subvault_window],
          aquarium_window_fake, aquarium_window_corridor_3, aquarium_window_1,
          aquarium_window_corner, aquarium_view_2g, aquarium_view_2f,
          aquarium_balcony_3b, aquarium_pool_1, serial_shops, shop, uniq_sigmund
D:3:      due_chaos_kobolds, layout_basic, lemuel_crystal_altar
D:4:      layout_basic, gammafunk_temple_overflow_claw, minitemple,
          hangedman_decor_diamond_cutter, grunt_decor_arrowhead
D:5:      layout_basic, minmay_misc_feat_tiny
D:6:      layout_loops_cross, nicolae_ashenzari_panopticon,
          kennysheep_orc_sif_temple, minmay_temple_entry_nine_rooms,
          gammafunk_ghost_hive, minmay_fractal_squares_5
D:7:      minmay_opposing_rooms, layout_loops_cross
Temple:   minmay_temple_curvy_branch

Skill      XL: |  1  2  3  4  5  6  7 |
---------------+----------------------+-----
Spellcasting   | 3 4 5 6 8 |  8.7
Fighting       | 1 2 3 4 5 6 |  6.8
Dodging        | |  1.5
Stealth        | |  1.5
Necromancy     | |  4.0

Action                   |  1- 3 |  4- 6 |  7- 9 || total
-------------------------+-------+-------+-------++-------
Melee: Unarmed           |     2 |       |       ||     2
       Short sword       |     4 |    10 |     2 ||    16
       Whip              |       |       |     4 ||     4
 Cast: Necrotise         |    71 |    89 |   105 ||   265
Armor: Robe              |     6 |     9 |     2 ||    17
Dodge: Dodged            |    14 |    25 |    26 ||    65

Table legend: (Time is in decaauts)
 A = Elapsed time spent in this place.
 B = Non-inter-level travel time spent in this place.
 C = Inter-level travel time spent in this place.
 D = Time resting spent in this place.
 E = Time spent auto-exploring this place.
 F = Levels seen in this place.
 G = Mean time per level.
                   A        B        C        D        E       F      G
               +--------+--------+--------+--------+--------+-----+--------+
         Total |   6923 |   6576 |    347 |    260 |   5291 |   8 |  865.4 |
       Dungeon |   6671 |   6329 |    342 |    260 |   5046 |   7 |  953.0 |
        Temple |    251 |    246 |      5 |      0 |    245 |   1 |  251.0 |
               +--------+--------+--------+--------+--------+-----+--------+

Top non-repeatable levels by time:
     D:6: 1542 daAuts
     D:2: 1266 daAuts
     D:1: 1148 daAuts
     D:4: 909 daAuts
     D:5: 901 daAuts
     D:3: 685 daAuts
  Temple: 251 daAuts
     D:7: 218 daAuts
